Map: Romanticide LE

Players

JYSG - Winner!

  • Race: Terran Terran
  • League: Diamond
  • Spawn Location: 5:00

MarcoMan

  • Race: Protoss Protoss
  • League: Master
  • Spawn Location: 11:00

VOD

Have the link to the VOD?

Description

Time

  • Played on: Jan. 18, 2021, 9:15 p.m.
  • Length: 11:49
Show
View Real Time Build Order
Export as new Build Order

JYSG Terran - Winner!

Build Orders:  

Get SALT Encoding   

  12  0:03  SCV  
  13  0:16  SCV  
  13  0:19  Supply Depot  
  14  0:28  SCV  
  15  0:41  SCV  
  15  0:42  Barracks  
  16  0:46  Refinery  
  16  0:53  SCV  
  17  1:05  SCV  
  18  1:17  SCV  
  19  1:29  Orbital Command  
  19  1:30  Barracks Reactor  
  19  1:47  Command Center  
  19  1:55  SCV  
  20  2:02  Supply Depot  
  20  2:06  Marine  
  20  2:07  SCV, Marine  
  23  2:17  Factory  
  23  2:24  SCV  
  23  2:25  Marine x2  
  26  2:30  Refinery  
  26  2:37  SCV  
  27  2:44  Marine x2  
  27  2:49  SCV  
  30  3:01  SCV  
  31  3:06  Starport  
  31  3:08  Orbital Command  
  31  3:13  SCV  
  31  3:16  Hellion  
  34  3:20  Barracks Tech Lab, Hellion  
  34  3:25  SCV  
  37  3:35  SCV  
  37  3:37  Hellion  
  40  3:41  Hellion  
  40  3:43  SCV  
  43  3:54  SCV  
  39  4:12  Raven  
  39  4:13  SCV  
  37  4:17  Barracks  
  37  4:18  Barracks  
  37  4:19  Factory Tech Lab, Marine x2  
  37  4:21  SCV  
  37  4:23  Bunker  
  40  4:25  SCV  
  41  4:33  SCV  
  41  4:37  Siege Tank, SCV  
  46  4:41  Supply Depot  
  46  5:01  Supply Depot  
  46  5:03  Command Center, SCV x2, Marine  
  46  5:05  Supply Depot  
  49  5:09  Barracks Tech Lab  
  49  5:11  Siege Tank  
  49  5:14  Starport Reactor  
  52  5:15  SCV  
  52  5:16  Stimpack, Marine  
  54  5:22  SCV  
  54  5:24  Engineering Bay, Supply Depot  
  54  5:25  Refinery  
  54  5:27  Marine  
  56  5:28  Marine  
  56  5:31  Marauder  
  56  5:33  Marine  
  56  5:34  SCV  
  61  5:38  Combat Shield  
  61  5:43  Siege Tank, SCV  
  61  5:46  SCV  
  66  5:55  SCV  
  67  5:59  SCV  
  67  6:01  Terran Infantry Weapons Level 1  
  67  6:03  Refinery  
  64  6:04  Engineering Bay  
  64  6:05  Marauder, Marine x2  
  64  6:07  Supply Depot  
  64  6:09  SCV  
  64  6:11  SCV  
  70  6:16  Orbital Command  
  70  6:20  Medivac  
  70  6:21  SCV  
  73  6:33  Barracks x2, SCV x2  
  73  6:34  Terran Infantry Armor Level 1  
  73  6:35  Factory Reactor  
  75  6:41  Supply Depot  
  75  6:43  Marauder x2  
  79  6:51  Marine  
  78  6:57  Orbital Command  
  78  7:01  SCV x2  
  79  7:04  Medivac x2, Marauder  
  79  7:06  Marauder, Marine  
  89  7:13  SCV x2  
  91  7:15  Armory  
  91  7:24  Widow Mine x2  
  91  7:25  Barracks Reactor, Marauder, SCV x2  
  99  7:32  SCV  
  100  7:37  Supply Depot, Marauder, SCV  
  100  7:38  Supply Depot x2, SCV, Marine  
  100  7:43  Medivac x2  
  109  7:47  Refinery  
  109  7:55  SCV x2  
  109  7:56  SCV  
  109  8:01  Supply Depot  
  109  8:03  Supply Depot  
  108  8:07  SCV  
  108  8:10  Supply Depot x2, SCV x2  
  108  8:11  Marauder x3  
  117  8:13  Marine x2  
  117  8:14  Widow Mine x2  
  117  8:15  Terran Infantry Weapons Level 2  
  117  8:19  SCV  
  124  8:22  Supply Depot, SCV  
  124  8:24  Supply Depot  
  124  8:25  SCV  
  126  8:31  Medivac x2, SCV  
  131  8:38  Marine x5  
  136  8:42  Terran Infantry Armor Level 2  
  136  8:43  SCV x2  
  136  8:46  Refinery  
  126  9:04  Marine x2  
  126  9:05  Marauder x3  
  120  9:19  Medivac, Marine  
  120  9:20  Widow Mine, SCV  
  120  9:21  SCV  
  120  9:23  SCV  
  121  9:25  Ghost Academy, Barracks  
  121  9:26  Marauder x3  
  121  9:28  Barracks x2  
  126  9:36  SCV x2  
  128  9:44  Marine x3  
  129  9:45  SCV  
  129  9:47  Marauder x2  
  129  9:49  Marauder, Marine  
  129  9:51  Medivac x2, Widow Mine x2  
  141  10:02  Marine  
  137  10:08  Ghost  
  137  10:09  Marauder, Marine x3  
  137  10:10  Ghost  
  137  10:12  Widow Mine x2  
  150  10:15  Supply Depot  
  150  10:16  Supply Depot  
  150  10:28  SCV  
  151  10:29  Barracks Tech Lab x2, Ghost  
  151  10:30  Barracks Reactor  
  151  10:35  Command Center  
  153  10:37  Marine x3  
  153  10:38  Ghost x2  
  160  10:45  Marine  
  160  10:54  Marine  
  160  10:55  Marine  
  162  10:58  Medivac x2, Widow Mine x2  
  170  11:07  Marauder x3, Marine x4  
  180  11:19  Supply Depot  
Show
View Real Time Build Order
Export as new Build Order

MarcoMan Protoss 

Build Orders: 1 Gate Expand, Blink Stalkers 

Get SALT Encoding   

  12  0:00  Probe  
  13  0:13  Probe  
  14  0:18  Pylon  
  14  0:25  Probe (Chrono Boost)  
  15  0:37  Gateway, Probe (Chrono Boost)  
  16  0:44  Probe (Chrono Boost)  
  16  0:48  Assimilator  
  17  0:51  Probe  
  18  1:03  Probe  
  19  1:15  Probe  
  20  1:25  Cybernetics Core  
  20  1:33  Nexus  
  20  1:35  Probe  
  21  1:42  Pylon  
  21  1:48  Probe  
  21  1:50  Assimilator  
  22  1:58  Adept (Chrono Boost)  
  22  2:00  Probe  
  23  2:07  Warp Gate (Chrono Boost)  
  25  2:12  Probe  
  26  2:24  Stalker, Probe (Chrono Boost)  
  29  2:36  Probe (Chrono Boost)  
  30  2:43  Twilight Council  
  31  2:44  Probe (Chrono Boost)  
  31  2:51  Probe  
  32  3:01  Probe  
  32  3:02  Sentry  
  32  3:03  Probe  
  36  3:11  Blink (Chrono Boost)  
  36  3:13  Gateway x2, Probe  
  36  3:15  Probe  
  38  3:25  Probe  
  39  3:27  Probe  
  40  3:37  Probe  
  40  3:38  Pylon  
  40  3:39  Probe  
  42  3:49  Probe  
  42  3:50  Stalker  
  42  3:51  Probe  
  46  4:01  Probe  
  47  4:03  Probe  
  47  4:05  Pylon  
  47  4:09  Stalker x2  
  45  4:13  Probe  
  45  4:15  Probe  
  46  4:23  Robotics Facility  
  46  4:25  Probe  
  46  4:27  Probe  
  46  4:31  Assimilator  
  48  4:33  Assimilator  
  48  4:38  Probe  
  49  4:42  Probe  
  50  4:46  Nexus  
  50  4:50  Probe  
  51  4:54  Pylon  
  51  4:55  Stalker, Probe  
  51  4:56  Stalker  
  56  5:00  Charge  
  56  5:02  Probe  
  58  5:07  Probe  
  58  5:11  Shield Battery  
  58  5:13  Observer  
  59  5:14  Probe  
  59  5:19  Probe  
  61  5:24  Assimilator  
  61  5:26  Probe  
  62  5:29  Assimilator  
  62  5:31  Probe  
  62  5:33  Stalker, Forge  
  62  5:34  Observer  
  62  5:35  Stalker  
  68  5:38  Probe  
  69  5:43  Probe  
  69  5:45  Shield Battery  
  69  5:49  Pylon  
  70  5:51  Pylon  
  70  5:52  Gateway  
  70  5:56  Stalker  
  70  6:00  Probe  
  70  6:01  Probe x2  
  73  6:13  Stalker, Probe x3  
  78  6:24  Photon Cannon  
  78  6:25  Probe x3  
  80  6:28  Gateway  
  81  6:37  Probe x2  
  81  6:38  Probe  
  81  6:39  Immortal (Chrono Boost)  
  88  6:49  Probe  
  87  7:05  Probe x2  
  89  7:13  Gateway  
  89  7:16  Gateway  
  89  7:17  Nexus  
  89  7:19  Pylon  
  89  7:23  Forge  
  89  7:26  Photon Cannon  
  89  7:27  Protoss Ground Armor Level 1 (Chrono Boost)  
  88  7:35  Pylon, Immortal (Chrono Boost)  
  92  7:40  Templar Archives  
  92  7:42  Robotics Bay  
  92  7:43  Pylon  
  92  7:45  Photon Cannon, Forge  
  92  7:47  Photon Cannon  
  92  7:48  Pylon  
  92  7:50  Probe x2  
  94  7:51  Probe  
  95  8:02  Probe x2  
  97  8:06  Zealot  
  97  8:07  Zealot  
  97  8:08  Protoss Ground Weapons Level 1 (Chrono Boost)  
  97  8:12  Immortal (Chrono Boost)  
  101  8:19  Gateway  
  105  8:20  Zealot  
  105  8:21  High Templar x4  
  105  8:22  Psionic Storm, Gateway  
  105  8:23  Probe  
  116  8:29  Archon  
  116  8:30  Archon  
  116  8:36  Probe  
  116  8:37  Probe x3  
  120  8:43  Zealot  
  122  8:52  Zealot x2  
  113  9:02  Zealot  
  113  9:03  Zealot x3  
  96  9:17  Zealot x3  
  96  9:18  Zealot x2  
  98  9:26  Zealot x4  
  104  9:38  Observer (Chrono Boost)  
  101  9:40  Zealot x4  
  101  9:41  Zealot  
  111  9:46  Photon Cannon  
  111  9:48  Stalker x4  
  111  9:50  Probe x3  
  111  9:51  Observer (Chrono Boost)  
  111  9:52  Assimilator  
  123  9:56  Assimilator  
  123  10:04  Zealot x2  
  123  10:06  Zealot x2  
  128  10:10  Stalker, Observer (Chrono Boost)  
  128  10:12  Stalker x3  
  137  10:35  Pylon  
  137  10:36  Pylon  
  137  10:45  Zealot  
  139  10:52  Colossus  
  139  10:53  Gateway  
  139  10:54  Gateway  
  145  10:58  Stargate  
  145  11:00  Nexus, Stargate  
  145  11:01  Zealot x2, Pylon  
  145  11:02  Zealot x3  
  155  11:05  Pylon  
  155  11:08  Assimilator  
  155  11:12  Photon Cannon  
  155  11:15  Photon Cannon  
  155  11:22  Pylon  
  155  11:24  Pylon  
  155  11:25  Pylon  
  155  11:26  Zealot x3  
  159  11:32  Zealot  
  159  11:33  Zealot x3  
  140  11:41  Zealot x2  
Tags
 
Composition
Blink Stalkers
Matchup
PvT
Replay Pack
Weekend
Spawn Locations
Cross Positions
Add a new tag
Caveats
  • Supply blocks, unpowered buildings, or Contaminate may cause inaccurate times.
  • Supply counts are checked every 10 seconds.